 Dungeon Crawl Stone Soup version 0.31.0-11-ge490571c62 (webtiles) character file.

Game seed: 6935841295937838126

46 Arctor the Firebug (level 3, -1/19 HPs)
             Began as a Deep Elf Fire Elementalist on Feb 3, 2024.
             Slain by Terence
             ... wielding a +0 flail
              (9 damage)
             ... on level 2 of the Dungeon.
             The game lasted 00:02:02 (1219 turns).

Arctor the Firebug (Deep Elf Fire Elementalist)     Turns: 1219, Time: 00:02:02

Health: -1/19      AC: 11    Str:  5    XL:     3   Next: 46%
Magic:  9/9        EV: -13   Int: 21    God:
Gold:   53         SH: 11    Dex: 15    Spells: 7/8 levels left

rFire   . . .        j - +0 war axe
rCold   . . .        i - +0 tower shield
rNeg    . . .        h - +0 plate armour
rPois   .            (no helmet)
rElec   .            (no cloak)
rCorr   .            (no gloves)
SInv    .            c - +0 pair of boots
Will    .....        (no amulet) Stlth
                     (no ring)
HPRegen 0.23/turn    (no ring)
MPRegen 0.11/turn

%: no passive effects
@: no status effects
A: no striking features
a: no special abilities


You were on level 2 of the Dungeon.
You visited 1 branch of the dungeon, and saw 2 of its levels.

You collected 53 gold pieces.

Inventory:

Hand Weapons
 j - a +0 war axe (weapon)
Armour
 a - a +0 robe
 c - a +0 pair of boots (worn)
 h - a +0 plate armour (worn)
 i - a +0 tower shield (worn)
Scrolls
 e - a scroll of butterflies {unknown}
Potions
 b - a potion of magic
 f - a potion of heal wounds {unknown}
 g - 4 potions of brilliance {unknown}


   Skills:
 + Level 0.2 Fighting
 + Level 0.2 Axes
 + Level 0.2 Armour
 - Level 2.9 Dodging
 - Level 3.0 Stealth
 + Level 0.3 Shields
 - Level 3.4 Spellcasting
 - Level 1.7 Conjurations
 - Level 3.6 Fire Magic


You had 7 spell levels left.
You knew the following spells:

 Your Spells              Type           Power      Damage    Failure   Level
a - Foxfire               Conj/Fire      56%        2x1d6     100%        1

Your spell library contained the following spells:

 Spells                   Type           Power      Damage    Failure   Level
 Scorch                   Fire           36%        2d6       100%        2
 Inner Flame              Hex/Fire       11%        N/A       100%        3
 Volatile Blastmotes      Fire/Tloc      22%        2d11      100%        3
 Flame Wave               Conj/Fire      14%        2d6       100%        4


Dungeon Overview and Level Annotations

Branches:
Dungeon (2/15)

Altars:

Shops:
D:1 ([*

Annotations:
D:2 Terence


Message History

a +2 short sword of freezing; a kobold corpse It was a potion of ambrosia.
You are confused.
You feel invigorated. The adder bites you but does no damage.
You closely miss the adder. The adder completely misses you.
The adder bites you but does no damage. x2
You barely miss the adder. The adder completely misses you.
The adder bites you but does no damage. x2
The adder bites you. The adder bites you but does no damage.
You feel less invigorated.
You feel less confused. You block the adder's attack.
Things that are here:
a +2 short sword of freezing; a kobold corpse You block the adder's attack.
You closely miss the adder. You block the adder's attack. x3
You barely miss the adder. The adder bites you but does no damage.
You block the adder's attack. The adder bites you but does no damage.
You slash the adder!
The adder is almost dead.
You block the adder's attack.
The adder bites you but does no damage. x2
You block the adder's attack.
You hit the adder.
You kill the adder!
You see here an adder corpse.
Terence the Incautious comes into view.
He is wielding a +0 flail.
You slash Terence!
Terence is heavily wounded.
Terence hits you with a +0 flail! You block Terence's attack.
Terence hits you with a +0 flail.
Terence is nearby!
You are too injured to fight recklessly!
Terence is nearby!
You are too injured to fight recklessly!
You are too injured to fight recklessly!
You hit Terence but do no damage.
Terence is heavily wounded.
You block Terence's attack. Terence hits you with a +0 flail!
You die...
Terence says, "Rest in peace."

..<..†....#
#.#########
.....#### ##
#.......# ..
#..#.##.# .#
#)†..##.# .#
##.#.##.# .#
##......#########@#
.....####.......@.#
####......#########
########


You could see Terence.

Vanquished Creatures
  An adder (D:2)
  2 dart slugs (D:1)
  A ball python (D:1)
  A giant cockroach (D:1)
  2 goblins (D:1)
  7 hobgoblins
  7 jackals (D:1)
  3 kobolds
  2 quokkas (D:1)
  2 bats (D:1)
28 creatures vanquished.

Vanquished Creatures (collateral kills)
  4 foxfires (D:1)
4 creatures vanquished.

Vanquished Creatures (others)
  104 foxfires (D:1)
104 creatures vanquished.

Grand Total: 136 creatures vanquished

Notes
Turn   | Place    | Note
-------+----------+-------------------------------------------
     0 | D:1      | Arctor the Deep Elf Fire Elementalist began the quest for
                  | the Orb.
     0 | D:1      | Reached XP level 1. HP: 10/10 MP: 6/6
     6 | D:1      | Found Woarchas's General Store.
   255 | D:1      | Found Yheodics's Antique Weapon Shop.
   260 | D:1      | Reached XP level 2. HP: 15/15 MP: 2/8
   332 | D:1      | Found Dymiam's Armour Boutique.
   805 | D:1      | Reached XP level 3. HP: 19/19 MP: 2/9
  1217 | D:2      | Noticed Terence
  1219 | D:2      | Slain by Terence

Illustrated notes

Levels and vault maps discovered:
D:1:      wander_arrival_fairy_ring, layout_rooms, serial_shops, shop, shop,
          shop
D:2:      layout_loops_cross, basic_altar, minmay_stone_trees_small, uniq_robin,
          uniq_terence

Skill      XL: |  1  2 |
---------------+-------+-----
Stealth        | 3 |  3.0
Fighting       | |  0.2
Axes           | |  0.2
Armour         | |  0.2
Dodging        | |  2.9
Shields        | |  0.3
Spellcasting   | |  3.4
Conjurations   | |  1.7
Fire Magic     | |  3.6

Action                     || total
---------------------------++-------
  Melee: Unarmed           ||    15
         War axe           ||    29
   Cast: Foxfire           ||    63
    Use: Potion            ||     1
 Armour: Robe              ||     6
         Plate armour      ||    74
  Dodge: Dodged            ||    12
  Block: Tower shield      ||    46
